 Dungeon Crawl Stone Soup version 0.27.1-35-g4d5d836560 (webtiles) character file.

Game seed: 4670867469037480002

30294 Delamore the Slicer (level 13, -1/92 HPs)
             Began as an Octopode Brigand on June 24, 2022.
             Was an Initiate of Gozag.
             Engulfed by a fire crab's flame (17 damage)
             ... on level 5 of the Lair of Beasts.
             The game lasted 00:35:26 (18769 turns).

Delamore the Slicer (Octopode Brigand)             Turns: 18769, Time: 00:35:27

Health: -1/92      AC:  1    Str: 11    XL:     13   Next: 50%
Magic:  17/29      EV: 20    Int: 22    God:    Gozag
Gold:   1314       SH:  8    Dex: 21    Spells: 10/22 levels left

rFire    . . .     SeeInvis .   P - +9 rapier of Haykuen {vorpal, Will+ Int+4 Stlth+}
rCold    + . .     Faith    .   O - +2 buckler {rN+}
rNeg     + . .     Spirit   .   (helmet restricted)
rPois    .         Reflect  .   h - amulet of regeneration
rElec    .         Harm     .   i - ring "Qil Hoiggu" {Wiz Int+2}
rCorr    .         Rampage  .   d - ring of magical power
Will     ++...                  q - ring of protection from cold
Stlth    +++++.....             l - +4 ring of evasion
HPRegen  1.25/turn              k - +6 ring of dexterity
MPRegen  0.21/turn              v - ring of willpower
                                (no ring)
                                (no ring)

@: gold aura
A: almost no armour, amphibious, 8 rings, camouflage 1, gelatinous body 1,
(nimble swimmer 1), tentacles
a: Renounce Religion, Potion Petition, Call Merchant, Bribe Branch


You were on level 5 of the Lair of Beasts.
You worshipped Gozag.
Gozag was most pleased with you.
You visited 3 branches of the dungeon, and saw 17 of its levels.
You also visited: Ossuary.

You collected 3340 gold pieces.
You spent 352 gold pieces at shops.
You paid 1674 gold pieces to Gozag.

Inventory:

Hand Weapons
 P - the +9 rapier of Haykuen (weapon) {vorpal, Will+ Int+4 Stlth+}
   (You bought it in a shop on level 10 of the Dungeon)

   It inflicts extra damage upon your enemies.
   Int:       It affects your intelligence (+4).
   Will:      It increases your willpower.
   Stlth:     It makes you more stealthy.
Missiles
 a - a throwing net
 c - 2 boomerangs of dispersal
 f - 414 stones
 D - 3 javelins
 E - a poisoned dart (quivered)
 Y - 7 datura-tipped darts
Armour
 O - a +2 buckler of positive energy (worn)
Jewellery
 d - a ring of magical power (right tentacle)
 h - an amulet of regeneration (around mantle)
 i - the ring "Qil Hoiggu" (left tentacle) {Wiz Int+2}
   (You acquired it on level 2 of the Dungeon)

   [ring of wizardry]

   It improves your spell success rate.
   Int:       It affects your intelligence (+2).
 k - a +6 ring of dexterity (on tentacle)
 l - a +4 ring of evasion (on tentacle)
 q - a ring of protection from cold (on tentacle)
 r - an amulet of magic regeneration
 v - a ring of willpower (on tentacle)
 w - a ring of ice
Wands
 u - a wand of acid (1)
 K - a wand of paralysis (11)
 Q - a wand of digging (5)
 R - a wand of polymorph (10)
 T - a wand of charming (14)
 U - a wand of flame (30)
 Z - a wand of iceblast (13)
Scrolls
 e - a scroll of magic mapping
 j - a scroll of fear
 m - 3 scrolls of summoning
 n - 3 scrolls of blinking
 p - 5 scrolls of immolation
 y - a scroll of holy word
 F - 4 scrolls of amnesia {unknown}
 I - 4 scrolls of fog
 J - 5 scrolls of teleportation
 N - 3 scrolls of enchant weapon {unknown}
 S - 3 scrolls of enchant armour
 V - 3 scrolls of noise {unknown}
Potions
 b - 3 potions of curing
 o - 3 potions of degeneration
 t - 3 potions of flight
 x - 3 potions of haste
 z - 2 potions of might
 A - 3 potions of cancellation
 B - 2 potions of invisibility
 C - 2 potions of lignification
 G - 2 potions of brilliance
 H - a potion of ambrosia {unknown}
 L - a potion of mutation
 M - 2 potions of attraction
Miscellaneous
 X - a condenser vane


   Skills:
 - Level 10.0 Fighting
 + Level 12.8 Short Blades
 - Level 10.0 Throwing
 - Level 5.0 Dodging
 - Level 5.3 Stealth
 - Level 5.0 Shields
 - Level 5.0 Spellcasting
 + Level 5.9 Hexes
 - Level 5.0 Earth Magic
 - Level 5.0 Evocations


You had 10 spell levels left.
You knew the following spells:

 Your Spells              Type           Power      Damage    Failure   Level
a - Stone Arrow           Conj/Erth      32%        3d9       4%          3
b - Cause Fear            Hex            15%        N/A       3%          4
c - Lee's Rapid Deconstr  Erth           13%        3d10*     14%         5

Your spell library contained the following spells:

 Spells                   Type           Power      Damage    Failure   Level
 Sandblast                Erth           54%        2d13      1%          1
 Passwall                 Tmut/Erth      13%        N/A       2%          2
 Inner Flame              Hex/Fire       18%        N/A       3%          3
 Static Discharge         Conj/Air       5%         N/A       6%          2
 Summon Mana Viper        Hex/Summ       18%        N/A       32%         5
 Dispel Undead            Necr           5%         3d7       36%         4
 Sticky Flame             Conj/Fire      5%         2d3       36%         4
 Bolt of Magma            Conj/Fire/Erth 6%         4d6       47%         5
 Summon Forest            Summ/Tloc      2%         N/A       69%         5
 Shadow Creatures         Summ           N/A        N/A       99%         6
 Discord                  Hex            15%        N/A       100%        8
 Shatter                  Erth           13%        3d14*     100%        9


Dungeon Overview and Level Annotations

Branches:
Dungeon (11/15)            Temple (1/1) D:5            Lair (5/6) D:9
 Shoals (0/4) Lair:3        Snake (0/4) Lair:4        Slime (0/5) Lair:5
Ossuary (visited)
    Orc: D:9-12

Altars:
Ashenzari
Cheibriados
Dithmenos
Elyvilon
Fedhas
Gozag
Hepliaklqana
Kikubaaqudgha
Makhleb
Nemelex Xobeh
Okawaru
Ru
Sif Muna
Trog
Uskayaw
Vehumet
Wu Jian
Xom
The Shining One

Shops:
D:6 ?   D:8 =   D:10 (

Annotations:
D:9 2 runed translucent doors, exclusion: orange crystal statue
Lair:5 exclusion: oklob plant


Innate Abilities, Weirdness & Mutations

You cannot wear most types of armour.
You are amphibious.
You can wear up to eight rings at the same time.
Your skin changes colour to match your surroundings (Stealth+).
Your rubbery body absorbs attacks. (AC +1, EV +1)
((You are camouflaged near water. (Stealth+)))
You have tentacles for arms and can constrict up to eight enemies at once.


Message History

You hit the fire crab but do no damage.
The fire crab is almost dead.
You are engulfed in blazing flames.
You constrict the fire crab. You hit the fire crab but do no damage.
The fire crab is almost dead.
You are engulfed in blazing flames.
You constrict the fire crab, but do no damage.
The fire crab breathes flames at you. The blast of flame engulfs you!
Casting: Cause Fear (dangerous; 4% risk of failure)
Confirm with . or Enter, or press ? or * to list all spells.
The fire crab looks frightened!
The fire crab resists with some effort.
You are engulfed in blazing flames.
* * * LOW HITPOINT WARNING * * *
You constrict the fire crab. You hit the fire crab.
You kill the fire crab!
Casting: Cause Fear (dangerous; 3% risk of failure)
Confirm with . or Enter, or press ? or * to list all spells.
The fire crab looks frightened!
You are too injured to fight recklessly!
Throw: 3 darts (poison)
Press: ? - help, Q - select action, (/) - cycle Shift-Dir - straight line, f - fire crab
Aim: a fire crab (fleeing, 82% to hit)
You throw a poisoned dart.
The poisoned dart barely misses the fire crab.
Throw: 2 darts (poison)
Press: ? - help, Q - select action, (/) - cycle Shift-Dir - straight line, f/p - fire crab
Aim: a fire crab (fleeing, 82% to hit)
You throw a poisoned dart. The poisoned dart hits the fire crab!!
The fire crab looks as sick as possible!
Your attack snaps the fire crab out of its fear.
The fire crab breathes flames at you. The blast of flame engulfs you.
* * * LOW HITPOINT WARNING * * *
Casting: Cause Fear (dangerous; 3% risk of failure)
Confirm with . or Enter, or press ? or * to list all spells.
The fire crab resists with some effort.
You are engulfed in blazing flames.
You die...
Your body crumbles into a pile of gold.

# #.#..#####..#
##....
#.#..##...#######..P.
#
##.#......#.P#.#.....
###
#....................
#.#
###..................
.##
##..P#.##.###......
## #..#####.# #....##
# ########### ##'####
# #○@°°°t..( #.#### #
#○######## #.#.## ##
#○# #.#... .# #○# $
#.#... ## #○# $$
#.###. ### #○# #.# ##
..# #○# #.# .##
#○############÷# .##
###..÷[.....÷....###


You could see a fire crab (extremely poisoned).

Vanquished Creatures
  Kirke (Lair:5)
  An entropy weaver (Lair:5)
  3 hydras
  A two-headed ogre (D:8)
  5 fire crabs (Lair:5)
  A lindwurm (Lair:5)
  2 oklob plants (Lair:2)
  A merfolk siren (Lair:3)
  8 elephants
  6 cane toads
  3 komodo dragons
  2 kobold demonologists (D:11)
  3 rime drakes
  A merfolk (Lair:3)
  A troll (D:10)
  A polar bear (Lair:5)
  3 blink frogs (Lair:2)
  A shadow (D:11)
  A wraith (D:8)
  4 wyverns
  43 yaks
  A basilisk (Lair:5)
  4 hogs (Lair:5)
  2 steam dragons
  An acid dragon (D:9)
  Duvessa (D:6)
  5 water moccasins
  5 orc warriors
  A sky beast (D:7)
  3 black bears
  2 ogres
  An ice beast (D:6)
  A necrophage (D:3)
  2 centaurs
  A kobold brigand (D:3)
  8 bullfrogs
  2 water moccasin zombies
  A scorpion (D:6)
  A water moccasin skeleton (D:5)
  Dowan (D:6)
  7 wights (D:8)
  11 killer bees
  5 jellies
  4 howler monkeys
  2 centaur zombies
  3 hounds
  5 orc priests
  3 bullfrog skeletons
  A centaur skeleton (D:7)
  A gnoll shaman (D:6)
  13 orc wizards
  4 iguanas
  9 mummies
  A howler monkey zombie (D:7)
  4 gnolls (D:6)
  A howler monkey skeleton (D:7)
  11 adders
  A white imp (D:6)
  An ufetubus (D:4)
  An adder skeleton (D:4)
  2 worms
  A dart slug (D:2)
  23 orcs
  7 endoplasms
  3 giant cockroaches
  9 goblins
  15 hobgoblins
  2 jackals (D:5)
  4 quokkas
  10 ball pythons
  7 bats
  4 frilled lizards
  A gnoll zombie (Ossuary)
  A goblin zombie (D:8)
  6 hobgoblin zombies
  8 kobolds
  A kobold zombie (Ossuary)
  An orc zombie (Ossuary)
  6 rats
334 creatures vanquished.

Vanquished Creatures (others)
  13 fungi
  22 plants
  3 toadstools (D:9)
38 creatures vanquished.

Grand Total: 372 creatures vanquished

Notes
Turn   | Place    | Note
-------+----------+-------------------------------------------
     0 | D:1      | Delamore the Octopode Brigand began the quest for the Orb.
     0 | D:1      | Reached XP level 1. HP: 14/14 MP: 1/1
    37 | D:1      | Found a faded altar of an unknown god.
   233 | D:1      | Reached XP level 2. HP: 19/19 MP: 2/2
   767 | D:1      | Reached XP level 3. HP: 25/25 MP: 3/3
  1710 | D:2      | Reached XP level 4. HP: 30/30 MP: 4/4
  2108 | D:2      | Identified a scroll of acquirement
  2109 | D:2      | Acquired the ring "Qil Hoiggu" {Wiz Int+2}
  2212 | D:3      | Found a bloodstained altar of Trog.
  2367 | D:3      | Found a shimmering altar of Xom.
  2367 | D:3      | Found a shimmering altar of Xom.
  2368 | D:3      | Found a shimmering altar of Xom.
  2549 | D:3      | Reached skill level 3 in Short Blades
  2602 | D:3      | Noticed a kobold brigand
  2607 | D:3      | Killed a kobold brigand
  2608 | D:3      | Reached XP level 5. HP: 36/36 MP: 5/5
  2851 | D:3      | Noticed a necrophage
  2857 | D:3      | Killed a necrophage
  2858 | D:3      | Reached XP level 6. HP: 43/43 MP: 6/6
  3005 | D:3      | Reached skill level 4 in Short Blades
  3115 | D:4      | Found a blossoming altar of Fedhas.
  3128 | D:4      | You fall into a shaft and drop 3 floors!
  3151 | D:7      | Found a burning altar of Makhleb.
  3174 | D:7      | Noticed a sky beast
  3233 | D:7      | Noticed a steam dragon
  3237 | D:6      | Found a white marble altar of Elyvilon.
  3238 | D:6      | Noticed Dowan
  3240 | D:6      | Noticed Duvessa
  3246 | D:6      | Killed Dowan
  3247 | D:6      | Reached XP level 7. HP: 46/49 MP: 7/7
  3362 | D:6      | Found Parchis's Magic Scroll Emporium.
  3524 | D:6      | Killed Duvessa
  3525 | D:6      | Reached skill level 5 in Fighting
  3525 | D:6      | Reached skill level 5 in Short Blades
  3525 | D:6      | Reached skill level 5 in Dodging
  3603 | D:6      | Reached skill level 1 in Spellcasting
  3603 | D:6      | Reached XP level 8. HP: 55/55 MP: 10/10
  3637 | D:6      | Found a hazy altar of Hepliaklqana.
  3647 | D:6      | Found a glowing golden altar of the Shining One.
  3862 | D:6      | HP: 1/55 [orc warrior (11)]
  3967 | D:5      | Entered Level 5 of the Dungeon
  4156 | D:4      | Found an iron altar of Okawaru.
  4745 | D:5      | Found a sacrificial altar of Ru.
  4798 | D:5      | Reached skill level 5 in Throwing
  5017 | D:5      | Found a staircase to the Ecumenical Temple.
  5032 | Temple   | Entered the Ecumenical Temple
  5118 | Temple   | Became a worshipper of Gozag Ym Sagoz the Greedy
  5336 | D:6      | Reached skill level 5 in Spellcasting
  5336 | D:6      | Reached skill level 1 in Evocations
  5336 | D:6      | Reached XP level 9. HP: 50/61 MP: 16/16
  5367 | D:6      | Found a shimmering blue altar of Sif Muna.
  6682 | D:6      | Bought a scroll of fog for 22 gold pieces
  6682 | D:6      | Bought a scroll of teleportation for 33 gold pieces
  6736 | D:8      | Noticed a two-headed ogre
  6752 | D:8      | Killed a two-headed ogre
  6753 | D:8      | Reached skill level 5 in Evocations
  6951 | D:8      | Reached XP level 10. HP: 14/73 MP: 17/17
  7000 | D:8      | Found a sand-covered staircase.
  7005 | Ossuary  | Entered an ossuary
  7273 | D:8      | Acquired a +2 buckler of positive energy
  7340 | D:8      | Reached skill level 1 in Shields
  7654 | D:8      | Found a sparkling altar of Nemelex Xobeh.
  8045 | D:9      | Found a runed translucent door.
  8212 | D:9      | Found a runed translucent door.
  8341 | D:9      | Found a runed translucent door.
  8549 | D:9      | Found a staircase to the Lair.
  8588 | D:9      | Reached skill level 10 in Fighting
  8630 | D:9      | Found a runed translucent door.
  8720 | D:8      | Reached XP level 11. HP: 50/81 MP: 18/18
  8724 | D:8      | Reached skill level 5 in Shields
  9589 | D:9      | Noticed an orange crystal statue
  9808 | D:10     | Entered Level 10 of the Dungeon
 10095 | D:10     | Found a shadowy altar of Dithmenos.
 10274 | D:10     | Found an ornate altar of the Wu Jian Council.
 11353 | D:11     | Learned a level 3 spell: Stone Arrow
 11385 | D:11     | Reached skill level 1 in Earth Magic
 11564 | D:11     | Noticed a boulder beetle
 11670 | Lair:1   | Entered Level 1 of the Lair of Beasts
 11733 | Lair:1   | Reached skill level 10 in Throwing
 11773 | Lair:1   | Noticed a five-headed hydra
 11789 | Lair:1   | Killed a five-headed hydra
 11897 | Lair:1   | Reached skill level 5 in Earth Magic
 12045 | Lair:1   | Reached skill level 6 in Short Blades
 12066 | Lair:1   | Reached XP level 12. HP: 53/87 MP: 19/19
 12235 | Lair:1   | Reached skill level 7 in Short Blades
 13085 | D:10     | Bought an encrusted rapier for 297 gold pieces
 13085 | D:10     | Identified the +9 rapier of Haykuen {vorpal, Will+ Int+4
                  | Stlth+} (You bought it in a shop on level 10 of the
                  | Dungeon)
 13218 | Lair:2   | Reached skill level 8 in Short Blades
 13710 | Lair:2   | Reached skill level 9 in Short Blades
 14549 | Lair:3   | Found a broken altar of Ashenzari.
 14730 | Lair:3   | Reached skill level 10 in Short Blades
 14903 | Lair:3   | Found a staircase to the Shoals.
 15038 | Lair:3   | Noticed a seven-headed hydra
 15048 | Lair:3   | Killed a seven-headed hydra
 15831 | Lair:4   | Reached skill level 11 in Short Blades
 16304 | Lair:4   | Found an ornate altar of the Wu Jian Council.
 16475 | Lair:4   | Found a staircase to the Snake Pit.
 16933 | Lair:4   | Learned a level 4 spell: Cause Fear
 16947 | Lair:5   | Noticed a four-headed hydra
 16949 | Lair:5   | Killed a four-headed hydra
 16950 | Lair:5   | Reached skill level 1 in Hexes
 17002 | Lair:5   | Found a staircase to the Slime Pits.
 17116 | Lair:5   | Reached XP level 13. HP: 92/92 MP: 19/20
 17534 | Lair:5   | Reached skill level 12 in Short Blades
 17648 | Lair:5   | Noticed Kirke
 17673 | Lair:5   | Killed Kirke
 17860 | Lair:5   | Found a runed translucent door.
 18592 | Lair:5   | Learned a level 5 spell: Lee's Rapid Deconstruction
 18720 | Lair:5   | Reached skill level 5 in Hexes
 18734 | Lair:5   | Noticed an entropy weaver
 18741 | Lair:5   | Killed an entropy weaver
 18769 | Lair:5   | Engulfed by a fire crab's flame

Illustrated notes

Levels and vault maps discovered:
D:1:      doesnt_arrival_eight_statues, layout_loops_corners,
          dreamdust_ecumenical_altar_angels_and_demons
D:2:      layout_basic
D:3:      cheibrodos_greedy_goblins, layout_loops_ring, trog_butcher_becter,
          xom_redecorated
D:4:      layout_rooms, fedhas_altar_3, mainiacjoe_overflow_brackets
D:5:      layout_loops_cross, mainiacjoe_overflow_tiny_flanked,
          minmay_temple_entry_antechambers, abandoned_shop,
          kennysheep_generic_room_3
D:6:      layout_loops_ring, lemuel_crystal_altar, elyvilon_altar_3,
          kennysheep_orc_sif_temple, mainiacjoe_overflow_six_doors_small,
          amcnicky_mini_corridor_feature, nicolae_benzene_ring,
          nicolae_take_the_stairs, minmay_misc_feat_more_columns,
          grunt_ministairs_6, uniq_duvessa
D:7:      layout_gridville, makhleb_blood_cavern_becter
D:8:      layout_basic, nemelex_diamond_rough_becter, nicolae_ossuary_entry_giza
D:9:      layout_gridville, david_lair_generic, minmay_gold_behind_fungi,
          minmay_statue_crystal_thing
D:10:     layout_cave_pods, grunt_dithmenos_smoke,
          nicolae_wu_jian_immortal_techniques
D:11:     layout_basic, special_room [special_room_bee]
Temple:   nicolae_temple_figure_zero
Lair:1:   layout_hall_layers, cheibrodos_lair_reptile_den, lemuel_fruit_fields
Lair:2:   layout_cave_pods, minmay_lair_oklob_chamber,
          infiniplex_staircase_pool_2
Lair:3:   layout_gridlike, elwin_shoals_entry_rooms, basic_altar,
          infiniplex_staircase_pool
Lair:4:   layout_regular_city, dummy_snake_entry, basic_altar
Lair:5:   gammafunk_mikee_crab_dinner, layout_cave_pods,
          nicolae_slime_entry_slimehenge, chequers_serial_rivers_micro_d,
          st_stairs_13, uniq_kirke

Skill      XL: |  1  2  3  4  5  6  7  8  9 10 11 12 13 |
---------------+----------------------------------------+-----
Dodging        | 2 3 4 5 |  5.0
Fighting       | 3 4 5 8 10 | 10.0
Short Blades   | 3 4 5 6 11 12 | 12.8
Spellcasting   | 1 5 |  5.0
Throwing       | 5 7 10 | 10.0
Evocations     | 1 5 |  5.0
Shields        | 4 5 |  5.0
Earth Magic    | 5 |  5.0
Hexes          | 2 5 |  5.9
Stealth        | |  5.3

Action                   |  1- 3 |  4- 6 |  7- 9 | 10-12 | 13-15 || total
-------------------------+-------+-------+-------+-------+-------++-------
Melee: Dagger            |    66 |   107 |   168 |   490 |       ||   831
       Constrict         |    15 |    29 |    32 |    62 |     8 ||   146
       Tentacles         |    11 |    21 |    51 |   179 |    17 ||   279
       Rapier            |       |       |       |   139 |    66 ||   205
Throw: Dart              |       |       |    25 |    32 |     5 ||    62
       Boomerang         |       |       |       |    70 |       ||    70
       Stone             |       |       |       |    74 |    24 ||    98
       Throwing net      |       |       |       |     2 |     1 ||     3
 Cast: Stone Arrow       |       |       |       |    63 |    20 ||    83
       Cause Fear        |       |       |       |       |     4 ||     4
Invok: Call Merchant     |       |       |       |     2 |       ||     2
Evoke: Wand              |       |       |     9 |    12 |       ||    21
  Use: Scroll            |       |     8 |     8 |     7 |     3 ||    26
       Potion            |       |       |     3 |     2 |       ||     5
 Stab: Sleeping          |    19 |     9 |    13 |     9 |     5 ||    55
       Distracted        |       |       |     2 |     9 |     1 ||    12
       Paralysed         |       |       |       |     2 |       ||     2
Armor: Skin              |     1 |    10 |     1 |    13 |     1 ||    26
Dodge: Dodged            |    29 |    55 |   119 |   373 |    33 ||   609
Block: Buckler           |       |       |       |   205 |    13 ||   218
